 Dungeon Crawl Stone Soup version 0.29-a0-96-g93358da72b (webtiles) character file.

Game seed: 6735936125790681426

51 Sweetruy1997 the Slasher (level 3, -1/29 HPs)
             Began as a Demonspawn Chaos Knight on Feb 13, 2022.
             Was a Plaything of Xom.
             Slain by a kobold (8 damage)
             ... on level 2 of the Dungeon.
             The game lasted 00:03:00 (1854 turns).

Sweetruy1997 the Slasher (Demonspawn Chaos Knight)  Turns: 1854, Time: 00:03:01

Health: -1/29      AC:  6    Str: 12    XL:     3   Next: 57%
Magic:  3/3        EV: 11    Int: 13    God:    Xom [....*.]
Gold:   44         SH:  0    Dex: 14    Spells: 2/2 levels left

rFire   . . .      SeeInvis .   a - +0 falchion (chaos)
rCold   . . .      Faith    .   (no shield)
rNeg    . . .      Spirit   .   b - +2 leather armour
rPois   .          Reflect  .   (no helmet)
rElec   .          Harm     .   (no cloak)
rCorr   .          Rampage  .   d - +0 pair of gloves
Will    .....                   (no boots)
Stlth   +.........              (no amulet)
HPRegen 0.09/turn               (no ring)
MPRegen 0.08/turn               (no ring)

@: no status effects
A: claws 1
a: Renounce Religion


You were on level 2 of the Dungeon.
You worshipped Xom.
You were a beloved toy of Xom.
You visited 1 branch of the dungeon, and saw 2 of its levels.

You collected 44 gold pieces.

Inventory:

Hand Weapons
 a - a +0 falchion of chaos (weapon)
Armour
 b - a +2 leather armour (worn)
 d - a +0 pair of gloves (worn)
Scrolls
 c - a scroll of amnesia {unknown}
 e - a scroll of enchant weapon {unknown}
 f - 2 scrolls of teleportation {unknown}
 h - a scroll of fear {unknown}
Potions
 g - a potion of curing {unknown}


   Skills:
 + Level 3.4 Fighting
 + Level 3.5 Long Blades
 + Level 2.1 Armour
 - Level 1.0 Dodging
 + Level 0.4 Stealth


You had 2 spell levels left.
You didn't know any spells.
Your spell library was empty.

Dungeon Overview and Level Annotations

Branches:
Dungeon (2/15)

Altars:


Innate Abilities, Weirdness & Mutations

You have sharp fingernails.


Message History

The adder poisons you!
The kobold throws a stone.
The stone misses you. The adder closely misses you.
You closely miss the adder.
You feel sick. The adder misses you.
You hit the adder.
The adder is moderately wounded.
You feel sick. The adder bites you.
You are more poisoned.
The adder poisons you! The adder bites you.
You hit the adder. You burn the adder.
The adder is severely wounded.
You feel sick.
The kobold drinks a potion.
The kobold seems to grow stronger.
The adder closely misses you.
You barely miss the adder.
The adder is severely wounded.
You feel sick. The adder bites you but does no damage.
The kobold barely misses you. The adder bites you.
The kobold hits you but does no damage.
You hit the adder but do no damage.
The adder is poisoned.
The adder is severely wounded.
You feel sick. The adder barely misses you.
The kobold hits you but does no damage.
You closely miss the adder.
The adder is severely wounded.
You feel sick. The adder bites you but does no damage.
The kobold barely misses you. The adder bites you but does no damage.
You barely miss the adder.
The adder is almost dead.
You feel sick. The adder closely misses you.
The kobold hits you with a +0 short sword.
You hit the kobold but do no damage.
You feel sick.
You are no longer poisoned.
You kill the adder!
The kobold hits you with a +0 short sword.
* * * LOW HITPOINT WARNING * * *
You completely miss the kobold.
The kobold hits you with a +0 short sword.
* * * LOW HITPOINT WARNING * * *
You barely miss the kobold.
The kobold hits you with a +0 short sword!
You die...

#.# # ##'## #.
##...## ##.#
##.....## .....
##)......#
##...####.........#
#.........>.......+
#................#
#.....@.#.......##
#.....K.##.....##
#.......###...##
#.......# #+##
#.......# ####.####
#. #.


You could see a kobold (strong).

Vanquished Creatures
  An adder (D:2)
  A worm (D:2)
  3 ball pythons
  2 endoplasms
  4 giant cockroaches
  4 goblins
  3 hobgoblins (D:2)
  A jackal (D:1)
  5 kobolds
  2 quokkas (D:1)
  A bat (D:1)
  5 frilled lizards
  4 rats
36 creatures vanquished.

Notes
Turn   | Place    | Note
-------+----------+-------------------------------------------
     0 | D:1      | Sweetruy1997 the Demonspawn Chaos Knight began the quest
                  | for the Orb.
     0 | D:1      | Reached XP level 1. HP: 18/18 MP: 1/1
   391 | D:1      | XOM: noise
   396 | D:1      | Gained mutation: You have sharp fingernails. [demonic
                  | ancestry]
   396 | D:1      | Reached XP level 2. HP: 22/24 MP: 2/2
   462 | D:1      | Reached skill level 1 in Dodging
   857 | D:1      | Found a faded altar of an unknown god.
   917 | D:1      | XOM: silly message
  1343 | D:2      | Reached XP level 3. HP: 29/29 MP: 3/3
  1710 | D:2      | XOM: scenery: 1 doors close
  1854 | D:2      | Slain by a kobold

Illustrated notes

Levels and vault maps discovered:
D:1:      dpeg_arrival_central, layout_loops_ring,
          shapermc_ecumenical_altar_totnotflames, minmay_misc_feat_five,
          minmay_tall_x
D:2:      layout_loops_corners

Skill      XL: |  1  2 |
---------------+-------+-----
Long Blades    | 3 |  3.5
Dodging        | 1 |  1.0
Armour         | 2 |  2.1
Fighting       | |  3.4
Stealth        | |  0.4

Action                   || total
-------------------------++-------
Melee: Falchion          ||   121
Armor: Leather armour    ||    61
Dodge: Dodged            ||    75

Table legend: (Time is in decaauts)
 A = Elapsed time spent in this place.
 B = Non-inter-level travel time spent in this place.
 C = Inter-level travel time spent in this place.
 D = Time resting spent in this place.
 E = Time spent auto-exploring this place.
 F = Levels seen in this place.
 G = Mean time per level.
                   A        B        C        D        E       F      G
               +--------+--------+--------+--------+--------+-----+--------+
         Total |   1870 |   1860 |     10 |    173 |   1391 |   2 |  935.0 |
       Dungeon |   1870 |   1860 |     10 |    173 |   1391 |   2 |  935.0 |
               +--------+--------+--------+--------+--------+-----+--------+

Top non-repeatable levels by time:
     D:1: 1196 daAuts
     D:2: 673 daAuts
